 Dungeon Crawl Stone Soup version 0.24-a0-439-g6dd8730de2 (webtiles) character file.

Game seed: 6023444342567099413

363335 ivs the Phalangite (level 21, -2/180 HPs)
             Began as a Minotaur Hunter on June 17, 2019.
             Was a High Priest of Hepliaklqana.
             Killed from afar by a storm dragon (11 damage)
             ... with a bolt of lightning
             ... on level 5 of the Realm of Zot on June 18, 2019.
             The game lasted 06:29:04 (24762 turns).

ivs the Phalangite (Minotaur Hunter)               Turns: 24762, Time: 06:29:08

Health: -2/180     AC: 29    Str: 21 (25) XL:     21   Next: 19%
Magic:  0/8        EV: 16    Int:  7 (11) God:    Hepliaklqana [*****.]
Gold:   1157       SH:  6    Dex: 11 (16) Spells: 20/20 levels left

rFire    + + .     SeeInvis .   b - +5 glaive (antimagic)
rCold    + . .     Gourm    .   (shield currently unavailable)
rNeg     + . .     Faith    .   x - +3 shadow dragon scales
rPois    +         Spirit   +   J - +2 hat of the Bear Spirit {Spirit, +Rage rN+ MR++}
rElec    +         Reflect  +   u - +0 cloak
rCorr    .         Harm     .   I - +0 pair of gloves of Buetugak {rElec rF+ Dex+3}
MR       ++++.                  p - +2 pair of boots
Stlth    ++++......             M - +6 amulet of reflection
HPRegen  0.40/turn              P - ring of poison resistance
MPRegen  0.11/turn              F - ring "Fuleffe" {rF+ MR+ Str-3 Int+3}

@: mighty, lethally poisoned (-2 -> -2)
A: retaliatory headbutt, reduced essence, horns 2, clumsy 1, cold resistance 1,
low mp 1, wild magic 1
}: 3/15 runes: serpentine, barnacled, slimy
a: Recall Ancestor, Ancestor Identity, Transference, Idealise, Renounce
Religion, Evoke Berserk Rage


You were on level 5 of the Realm of Zot.
You worshipped Hepliaklqana.
Hepliaklqana was extremely pleased with you.
You were hungry.

You visited 9 branches of the dungeon, and saw 47 of its levels.

You collected 2900 gold pieces.
You spent 1743 gold pieces at shops.

Inventory:

Hand Weapons
 a - a +2 vampiric demon trident
 b - a +5 antimagic glaive (weapon)
 n - a +3 bardiche of protection
 q - the +4 morningstar "Killer Bee's Death" {drain, +Rage rF++ Str-3}
   (You found it on level 15 of the Dungeon)

   A truly terrible weapon, it drains the life of those it strikes.
   It affects your strength (-3).
   It greatly protects you from fire.
   It lets you go berserk.
Missiles
 c - 19 javelins
 d - 3 throwing nets
 l - 6 silver javelins
 m - a curare-tipped dart (quivered)
 r - 12 silver boomerangs
Armour
 p - a +2 pair of boots (worn)
 u - a +0 cloak (worn)
 x - +3 shadow dragon scales (worn)
 G - +1 acid dragon scales
 I - the +0 pair of gloves of Buetugak (worn) {rElec rF+ Dex+3}
   (You bought it in a shop on level 13 of the Dungeon)

   It affects your dexterity (+3).
   It protects you from fire.
   It insulates you from electricity.
 J - the +2 hat of the Bear Spirit (worn) {Spirit, +Rage rN+ MR++}
   (You bought it in a shop on level 13 of the Dungeon)

   It protects you from negative energy.
   It affects your resistance to hostile enchantments.
   It lets you go berserk.
 N - a +0 troll leather armour
Jewellery
 v - a cursed ring of fire
 C - an uncursed ring of resist corrosion
 F - the ring "Fuleffe" (right hand) {rF+ MR+ Str-3 Int+3}
   (You found it on level 5 of the Pits of Slime)

   [ring of protection from magic]

   It affects your strength (-3).
   It affects your intelligence (+3).
   It protects you from fire.
   It affects your resistance to hostile enchantments.
 L - an uncursed ring of flight
 M - a +6 amulet of reflection (around neck)
 P - a ring of poison resistance (left hand)
 S - the ring "Miacula" {Str+4 Stlth-}
   (You found it on level 5 of the Pits of Slime)

   [ring of attention]

   It affects your strength (+4).
   It makes you less stealthy.
Wands
 k - a wand of paralysis (17)
 t - a wand of iceblast (8)
 A - a wand of acid (10)
 D - a wand of disintegration (37)
 Z - a wand of scattershot (2)
Scrolls
 e - 12 scrolls of remove curse
 i - 6 scrolls of teleportation
 s - 2 scrolls of immolation
 w - 2 scrolls of silence
 y - a scroll of torment
 B - 2 scrolls of vulnerability
 Q - 2 scrolls of fear
Potions
 g - 4 potions of brilliance
 h - 2 potions of flight
 j - a potion of berserk rage
 z - a potion of cancellation
 E - 2 potions of agility
 R - 6 potions of curing
 V - a potion of haste
 X - a potion of magic
 Y - a potion of ambrosia {unknown}
Miscellaneous
 o - a phantom mirror
 H - 2 boxes of beasts
 O - a lightning rod (4/4)
 T - a lamp of fire
Comestibles
 f - 34 rations


   Skills:
 + Level 20.2 Fighting
   Level 1.0 Short Blades
 - Level 12.0 Maces & Flails
 - Level 21.0 Polearms
   Level 4.2(8.8) Slings
 + Level 10.8(11.1) Throwing
 - Level 16.0 Armour
 + Level 17.2 Dodging
 + Level 5.1 Stealth
   Level 3.0 Shields
 - Level 7.0 Invocations
 - Level 11.0 Evocations


You had 20 spell levels left.
You didn't know any spells.
Your spell library contained the following spells:

 Spells                   Type           Power        Failure   Level  Hunger
 Beastly Appendage        Tmut           #.....       95%         1    ##.....
 Confusing Touch          Hex            #.....       95%         1    ##.....
 Flame Tongue             Conj/Fire      #....        95%         1    ##.....
 Freeze                   Ice            #...         95%         1    ##.....
 Magic Dart               Conj           #...         95%         1    ##.....
 Sandblast                Erth           #.....       95%         1    ##.....
 Summon Butterflies       Summ           #.......     95%         1    ##.....
 Passwall                 Tmut/Erth      #.......     98%         2    ###....
 Searing Ray              Conj           #.....       98%         2    ###....
 Sticks to Snakes         Tmut           #.......     98%         2    ###....
 Swiftness                Chrm/Air       #.......     98%         2    ###....
 Throw Flame              Conj/Fire      #.....       98%         2    ###....
 Throw Frost              Conj/Ice       #.....       98%         2    ###....
 Call Canine Familiar     Summ           #.......     100%        3    ####...
 Confuse                  Hex            #.......     100%        3    ####...
 Conjure Flame            Conj/Fire      #.......     100%        3    ####...
 Dazzling Spray           Conj/Hex       #.....       100%        3    ####...
 Gell's Gravitas          Tloc           #.........   100%        3    ####...
 Ignite Poison            Fire/Tmut/Pois #.......     100%        3    ####...
 Inner Flame              Hex/Fire       #.......     100%        3    ####...
 Ozocubu's Armour         Chrm/Ice       #.......     100%        3    ####...
 Portal Projectile        Hex/Tloc       #.....       100%        3    ####...
 Regeneration             Chrm/Necr      #.........   100%        3    ####...
 Spider Form              Tmut/Pois      #.........   100%        3    ####...
 Stone Arrow              Conj/Erth      #.....       100%        3    ####...
 Teleport Other           Tloc           #.......     100%        3    ####...
 Vampiric Draining        Necr           #.........   100%        3    ####...
 Force Lance              Conj/Tloc      #.......     100%        4    #####..
 Fulminant Prism          Conj/Hex       #.........   100%        4    #####..
 Ice Form                 Ice/Tmut       #.......     100%        4    #####..
 Iskenderun's Mystic Bla  Conj           #.......     100%        4    #####..
 Leda's Liquefaction      Hex/Erth       #.........   100%        4    #####..
 Passage of Golubria      Tloc           N/A          100%        4    #####..
 Petrify                  Tmut/Erth      #.......     100%        4    #####..
 Sticky Flame             Conj/Fire      #.......     100%        4    #####..
 Summon Ice Beast         Ice/Summ       #.......     100%        4    #####..
 Summon Lightning Spire   Summ/Air       #.......     100%        4    #####..
 Throw Icicle             Conj/Ice       #.......     100%        4    #####..
 Blade Hands              Tmut           #.........   100%        5    ######.
 Bolt of Magma            Conj/Fire/Erth #.........   100%        5    ######.
 Fireball                 Conj/Fire      #.........   100%        5    ######.
 Irradiate                Conj/Tmut      #.........   100%        5    ######.
 Iskenderun's Battlesphe  Conj/Chrm      #.......     100%        5    ######.
 Lee's Rapid Deconstruct  Erth           #.........   100%        5    ######.
 Metabolic Englaciation   Hex/Ice        #.........   100%        5    ######.
 Yara's Violent Unravell  Hex/Tmut       #.........   100%        5    ######.
 Bolt of Fire             Conj/Fire      #.........   100%        6    #######
 Death Channel            Necr           #.........   100%        6    #######
 Dispersal                Tloc           #.........   100%        6    #######
 Iron Shot                Conj/Erth      #.........   100%        6    #######
 Statue Form              Tmut/Erth      #........    100%        6    #######
 Orb of Destruction       Conj           #.........   100%        7    #######
 Ring of Flames           Chrm/Fire      #.........   100%        7    #######
 Ignition                 Fire           #.........   100%        8    #######
 Shatter                  Erth           #.........   100%        9    #######


Dungeon Overview and Level Annotations

Branches:
Dungeon (15/15)            Temple (1/1) D:5            Lair (6/6) D:10
 Shoals (4/4) Lair:2        Snake (4/4) Lair:4        Slime (5/5) Lair:5
    Orc (2/2) D:10            Elf (0/3) Orc:2        Depths (5/5) D:15
    Zot (5/5) Depths:5
 Vaults: D:13-14

Altars:
Ashenzari
Cheibriados
Dithmenos
Hepliaklqana
Makhleb
Qazlal
Vehumet
Yredelemnul
Zin
The Shining One
Jiyva

Shops:
D:10 [   D:13 *   Orc:2 ?[*}   Snake:4 *

Portals:
Hell: Depths:3 Depths:4 Depths:5
Abyss: Depths:1 Depths:4
Pandemonium: Orc:2

Annotations:
D:13 3 runed translucent doors, Wiebster667's ghost, journeyman NaWr
D:15 Agnes; Possemudi's ghost, journeyman SpSk
Shoals:3 1 runed translucent door, Kuggoj's ghost, adept GrEE
Shoals:4 Mara


Innate Abilities, Weirdness & Mutations

You reflexively headbutt those who attack you in melee.
You have a pair of horns on your head.
Your life essence is reduced to manifest your ancestor. (-10% HP)
You are clumsy. (Dex -2)
Your flesh is cold resistant. (rC+)
Your magical capacity is low. (-10% MP)
Your spells are a little harder to cast, but a little more powerful.


Message History

You slash the orb of fire!
The orb of fire's magic leaks into the air.
The orb of fire is almost destroyed.
You hit the orb of fire.
The orb of fire's magic leaks into the air.
The orb of fire is almost destroyed.
You feel sick.
You hit the orb of fire but do no damage.
The orb of fire is almost destroyed.
The storm dragon barely misses you. The storm dragon claws you.
* * * LOW HITPOINT WARNING * * *
The storm dragon tramples you but does no damage.
You hit the orb of fire but do no damage.
Your headbutt misses the orb of fire.
The orb of fire is almost destroyed.
The storm dragon breathes lightning at you.
The bolt of lightning hits you. You resist.
* * * LOW HITPOINT WARNING * * *
The bolt of lightning hits you! You resist.
You die...

#.............#
#.............#
##...........##
#.....^.....#
##...........##
#.............#
##.............##
##...............# p
###@..###########...
....##8*D.## ##..
..(....d### ###
▓▓▓▓▓▓▓▓# #


You could see an orb of fire, an electric golem, a storm dragon and a red
draconian.

Vanquished Creatures
  the Royal Jelly (Slime:5)
  An ancient lich (Zot:5)
  A Killer Klown (Zot:5)
  Vashnia (Snake:4)
  2 golden dragons
  A bone dragon (Depths:5)
  Rupert (Orc:2)
  3 tentacled monstrosities
  7 Orb Guardians (Zot:5)
  3 quicksilver dragons
  10 acid blobs
  2 sphinxes
  6 shadow dragons
  4 storm dragons
  9 nagarajas
  2 frost giants (Depths:5)
  6 azure jellies
  Louise (Snake:3)
  3 fire giants
  A draconian scorcher (Zot:1)
  Aizul (Snake:3)
  A ghost moth (Zot:5)
  3 very ugly things (Depths:4)
  A draconian stormcaller (Depths:5)
  A draconian annihilator (Zot:1)
  4 stone giants
  A green draconian (Zot:2)
  A yellow draconian (Depths:5)
  6 red draconians
  A spark wasp (Depths:4)
  2 purple draconians
  5 black draconians
  A white draconian (Zot:1)
  Azrael (Snake:3)
  An eidolon (Depths:1)
  4 ettins
  2 jiangshi
  3 merfolk javelineers (Shoals:4)
  8 death oozes (Slime:5)
  2 ogre magi
  9 merfolk impalers
  6 great orbs of eyes
  2 fire dragons
  A deep elf high priest (Depths:5)
  4 yaktaur captains
  A rakshasa (Depths:3)
  7 hydras
  14 naga warriors
  A spriggan air mage (Depths:5)
  3 centaur warriors
  2 merfolk avatars
  3 catoblepae (Lair:6)
  2 deep troll shamans
  5 two-headed ogres
  6 anacondas
  17 death yaks
  3 merfolk aquamancers
  A tengu warrior (Depths:1)
  9 naga sharpshooters
  5 orc high priests (Orc:2)
  4 deep troll earth magi
  6 shock serpents
  A spriggan berserker (Depths:5)
  A soul eater (Orc:2)
  2 iron trolls (Depths:4)
  A torturous demonspawn (Orc:2)
  13 deep trolls
  A swamp dragon (shapeshifter) (D:13)
  An unseen horror (D:14)
  5 sea snakes
  A glowing orange brain (Depths:3)
  A flayed ghost (Depths:1)
  2 gelid demonspawn
  2 wizards
  8 naga ritualists
  9 harpies
  2 orc knights (Orc:2)
  A wolf spider (D:15)
  7 mana vipers
  A cyclops (Orc:2)
  4 orc sorcerers (Orc:2)
  An oklob plant (Lair:6)
  5 ugly things
  7 manticores
  3 shining eyes
  6 salamanders
  2 elephants (Lair:6)
  5 moths of wrath
  2 merfolk sirens (Shoals:3)
  A rust devil (Orc:2)
  7 fauns
  A water nymph (Shoals:4)
  3 guardian serpents
  13 naga magi
  33 black mambas
  3 gargoyles
  A smoke demon (Orc:2)
  2 torpor snails (Lair:2)
  A centaur zombie (D:12)
  A spiny frog (shapeshifter) (D:15)
  7 spiny frogs
  3 komodo dragons
  2 kobold demonologists (D:13)
  5 rime drakes
  2 ice devils (Orc:2)
  8 yaktaurs
  A tengu conjurer (Depths:1)
  14 merfolk
  A red devil (Orc:2)
  6 trolls
  A wind drake (Shoals:3)
  4 hornets
  Prince Ribbit (D:9)
  A dream sheep (shapeshifter) (D:15)
  7 blink frogs
  A raiju (Depths:1)
  4 snapping turtles
  27 slime creatures
  9 dream sheep
  13 hippogriffs
  9 water elementals
  4 shadows
  A ynoxinul (Orc:2)
  46 yaks
  3 spriggans (Depths:4)
  A fire elemental (Snake:3)
  3 wraiths
  3 wyverns
  4 basilisks
  3 golden eyes (Slime:1)
  A human (Zot:4)
  4 vampire mosquitoes (D:13)
  2 steam dragons (shapeshifter)
  Grum (D:10)
  5 hungry ghosts
  3 wargs (Depths:2)
  42 nagas
  A soldier ant (D:15)
  An acid dragon (D:14)
  A floating eye (Slime:5)
  10 water moccasins
  9 hell hounds
  6 porcupines
  27 orc warriors
  2 ice beasts
  2 sky beasts
  A necrophage (D:11)
  4 eyes of draining
  A black bear (D:10)
  11 ogres
  14 wolves
  2 phantoms (D:9)
  11 centaurs
  2 big kobolds (D:13)
  11 crocodiles
  A gnoll sergeant (D:12)
  12 bullfrogs
  A wyvern skeleton (D:14)
  4 killer bees
  5 wights
  2 troll zombies (D:10)
  3 howler monkeys (D:8)
  A spectral centaur (Depths:2)
  5 crimson imps
  A bullfrog zombie (D:12)
  7 jellies
  2 quasits
  8 hounds
  20 orc priests
  A bullfrog skeleton (D:13)
  7 iguanas
  15 orc wizards
  4 centaur skeletons
  5 worker ants
  4 hell rats (Lair:4)
  2 killer bee zombies
  3 ogre zombies (D:10)
  2 hound skeletons
  14 gnolls
  A naga simulacrum (Depths:2)
  12 adders
  3 shadow imps
  2 oozes
  A worm (D:3)
  An adder skeleton (D:9)
  A dart slug (D:1)
  3 leopard geckos
  67 orcs
  4 bats
  A giant cockroach (D:4)
  5 goblins
  2 hobgoblins
  2 jackals (D:11)
  4 quokkas
  A ball python (Lair:4)
  4 frilled lizards
  A goblin skeleton (D:10)
  A hobgoblin skeleton (D:10)
  A hobgoblin zombie (D:10)
  8 kobolds
  An orc skeleton (D:10)
  13 orc zombies (D:10)
  5 rats
  A spectral orc (D:6)
  A bush (Lair:6)
1028 creatures vanquished.

Vanquished Creatures (collateral kills)
  An ancient lich (Depths:2)
  A golden dragon (Zot:5)
  A tentacled monstrosity (Zot:1)
  5 acid blobs (Slime:5)
  A sphinx (Depths:3)
  A death cob (Zot:2)
  A draconian monk (Depths:5)
  4 azure jellies (Slime:5)
  A draconian knight (Zot:1)
  A ghost moth (Zot:4)
  A draconian annihilator (Zot:4)
  A green draconian (Zot:4)
  A red draconian (Zot:2)
  A white draconian (Depths:5)
  A yellow draconian (Zot:5)
  An ettin (Depths:3)
  A death ooze (Slime:5)
  2 merfolk impalers
  A spriggan air mage (Depths:3)
  7 naga warriors
  An anaconda (Snake:1)
  A merfolk aquamancer (Shoals:3)
  A two-headed ogre (D:13)
  2 tengu warriors (Depths:5)
  2 vampire magi
  2 death yaks (Lair:6)
  2 deep troll earth magi
  A spriggan berserker (Depths:4)
  An orc high priest (Orc:2)
  A naga sharpshooter (Snake:4)
  4 shock serpents
  A shadow wraith (Depths:1)
  An unseen horror (D:14)
  4 deep trolls
  A sea snake (Shoals:4)
  A flayed ghost (Depths:4)
  2 glowing orange brains
  2 orc knights (Orc:2)
  5 harpies
  A shining eye (Slime:5)
  2 fauns
  A manticore (Shoals:4)
  3 orc sorcerers (Orc:2)
  A moth of wrath (Zot:5)
  2 ugly things
  A merfolk siren (Shoals:4)
  An elephant (Lair:6)
  11 naga magi
  6 black mambas
  A guardian serpent (Snake:4)
  3 spiny frogs
  A gargoyle (D:15)
  An eye of devastation (Slime:3)
  2 centaur skeletons (D:15)
  2 rime drakes
  2 yaktaurs (Depths:5)
  2 komodo dragons (Lair:1)
  2 trolls
  9 merfolk
  14 slime creatures
  A hornet (Depths:4)
  2 hippogriffs
  A blink frog (Lair:4)
  2 dream sheep (Shoals:4)
  A shadow (D:14)
  3 water elementals
  A wraith (Depths:2)
  A wyvern (Lair:1)
  3 yaks
  2 golden eyes (Slime:1)
  2 basilisks (Lair:6)
  A warg (Depths:2)
  An acid dragon (D:13)
  11 nagas
  A water moccasin (Lair:4)
  3 hell hounds
  Edmund (D:4)
  2 porcupines
  A hydra simulacrum (Depths:2)
  10 orc warriors
  2 sky beasts
  2 ice beasts
  4 ogres
  7 wolves
  A centaur (D:8)
  A crocodile (Lair:6)
  4 bullfrogs
  2 big kobolds
  5 wights
  A howler monkey (D:13)
  A crimson imp (D:5)
  6 jellies
  6 orc priests
  3 iguanas
  8 orc wizards
  2 hell rats (Lair:4)
  2 worker ants
  An ogre zombie (D:10)
  2 gnolls
  A worm (D:3)
  2 leopard geckos
  20 orcs
  A kobold (D:11)
  2 goblins
  A goblin zombie (D:10)
  A hobgoblin zombie (D:10)
  2 plants
277 creatures vanquished.

Vanquished Creatures (others)
  A stone giant (Depths:5)
  A naga sharpshooter (Snake:4)
  A naga mage (Snake:2)
  38 knights
  An ancestor (D:3)
  A bush (Lair:5)
  10 fungi
  18 plants
71 creatures vanquished.

Grand Total: 1376 creatures vanquished

Notes
Turn   | Place    | Note
-------+----------+-------------------------------------------
     0 | D:1      | ivs the Minotaur Hunter began the quest for the Orb.
     0 | D:1      | Reached XP level 1. HP: 18/18 MP: 0/0
   133 | D:1      | Reached XP level 2. HP: 26/26 MP: 1/1
   253 | D:2      | Reached skill level 1 in Short Blades
   303 | D:2      | Reached XP level 3. HP: 30/33 MP: 2/2
   616 | D:2      | Found a snail-covered altar of Cheibriados.
   616 | D:2      | Found a hazy altar of Hepliaklqana.
   620 | D:2      | Found a shattered altar of Ashenzari.
   626 | D:2      | Became a worshipper of Hepliaklqana the Forgotten
   691 | D:3      | Reached XP level 4. HP: 28/36 MP: 3/3
   726 | D:3      | Found a snail-covered altar of Cheibriados.
   766 | D:4      | Reached skill level 5 in Fighting
   773 | D:3      | Reached XP level 5. HP: 31/43 MP: 4/4
   992 | D:4      | Found a burning altar of Makhleb.
   998 | D:4      | Found a glowing silver altar of Zin.
   998 | D:4      | Noticed an angel
   998 | D:4      | Noticed an Executioner
  1018 | D:5      | Entered Level 5 of the Dungeon
  1023 | D:4      | Noticed Edmund
  1029 | D:4      | Killed Edmund
  1029 | D:4      | Reached skill level 1 in Evocations
  1029 | D:4      | Reached XP level 6. HP: 51/51 MP: 5/5
  1204 | D:5      | Reached skill level 1 in Polearms
  1262 | D:5      | Noticed an orc warrior
  1265 | D:5      | Killed an orc warrior
  1265 | D:5      | Reached skill level 2 in Polearms
  1265 | D:5      | Reached XP level 7. HP: 46/56 MP: 7/7
  1274 | D:5      | Reached * piety under Hepliaklqana
  1285 | D:5      | Found a staircase to the Ecumenical Temple.
  1297 | Temple   | Entered the Ecumenical Temple
  1362 | D:6      | Reached skill level 3 in Polearms
  1441 | D:6      | Found a basalt altar of Yredelemnul.
  1501 | D:6      | Reached skill level 4 in Polearms
  1584 | D:5      | Got a dazzling whip
  1585 | D:5      | Identified the +11 whip of Courage {holy, rN+ Int+4 Stlth+}
                  | (You found it on level 5 of the Dungeon)
  1717 | D:6      | Reached ** piety under Hepliaklqana
  1718 | D:6      | Remembered your ancestor Bolek as a knight
  1755 | D:6      | Reached skill level 1 in Maces & Flails
  1763 | D:6      | Reached XP level 8. HP: 54/63 MP: 9/9
  2048 | D:7      | Reached skill level 1 in Armour
  2072 | D:7      | Reached skill level 5 in Maces & Flails
  2229 | D:6      | Reached skill level 5 in Throwing
  2229 | D:6      | Reached XP level 9. HP: 28/71 MP: 10/10
  2775 | D:9      | Reached *** piety under Hepliaklqana
  2925 | D:9      | Noticed Prince Ribbit
  2932 | D:9      | Killed Prince Ribbit
  2943 | D:9      | Reached skill level 5 in Armour
  3129 | D:8      | Gained mutation: You tend to lose your temper in combat.
                  | [potion of mutation]
  3129 | D:8      | Gained mutation: Your flesh is cold resistant. (rC+)
                  | [potion of mutation]
  3256 | D:10     | Entered Level 10 of the Dungeon
  3283 | D:10     | Reached skill level 5 in Dodging
  3345 | D:10     | Reached XP level 10. HP: 49/77 MP: 11/11
  3362 | D:10     | Noticed Grum
  3437 | D:10     | Reached skill level 10 in Maces & Flails
  3521 | D:10     | Noticed a gargoyle
  3547 | D:9      | Killed a gargoyle
  3585 | D:10     | Found a staircase to the Orcish Mines.
  3680 | D:10     | Found Quolayh's Antique Armour Shop.
  3833 | D:11     | Noticed a two-headed ogre
  3955 | D:11     | Killed a two-headed ogre
  4055 | D:12     | Noticed a manticore
  4077 | D:12     | Killed a manticore
  4168 | D:11     | Reached **** piety under Hepliaklqana
  4252 | D:11     | Reached XP level 11. HP: 61/84 MP: 13/13
  4687 | D:13     | Reached skill level 5 in Evocations
  4846 | D:13     | Found a runed translucent gate.
  4846 | D:13     | Found a runed translucent gate.
  4846 | D:13     | Found a runed translucent gate.
  4898 | D:13     | Noticed a red ugly thing
  4913 | D:13     | Killed a red ugly thing
  4922 | D:13     | Noticed a 13-headed hydra
  4923 | D:13     | Noticed Wiebster667's ghost (journeyman NaWr)
  5161 | D:13     | Found Qivviemo's Assorted Antiques.
  5170 | D:13     | Bought a pair of steaming gloves for 275 gold pieces
  5175 | D:13     | Identified the cursed +0 pair of gloves of Buetugak {rElec
                  | rF+ Dex+3} (You bought it in a shop on level 13 of the
                  | Dungeon)
  5467 | D:10     | Found a glowing golden altar of the Shining One.
  5481 | D:10     | Killed Grum
  5532 | Orc:1    | Entered Level 1 of the Orcish Mines
  5588 | Orc:2    | Entered Level 2 of the Orcish Mines
  5588 | Orc:2    | Noticed Rupert
  5589 | Orc:2    | Noticed an orc sorcerer
  5730 | D:10     | Found a staircase to the Lair.
  5736 | Lair:1   | Entered Level 1 of the Lair of Beasts
  5750 | Lair:1   | Noticed a five-headed hydra
  5779 | Lair:1   | Killed a five-headed hydra
  5779 | Lair:1   | Reached skill level 10 in Fighting
  5801 | Lair:1   | Reached ***** piety under Hepliaklqana
  5842 | Lair:1   | Reached XP level 12. HP: 47/95 MP: 15/15
  5899 | Lair:1   | Reached skill level 10 in Armour
  5972 | Lair:1   | Reached skill level 1 in Invocations
  6297 | Lair:2   | Reached skill level 1 in Shields
  6305 | Lair:2   | Noticed a four-headed hydra
  6324 | Lair:2   | Killed a four-headed hydra
  6438 | Lair:2   | Found a staircase to the Shoals.
  6511 | Lair:3   | Got a crude cloak
  6517 | Lair:3   | Identified the cursed +0 cloak of the Valley of Death
                  | {*Corrode Str+8 Stlth+} (You found it on level 3 of the
                  | Lair of Beasts)
  6575 | Lair:3   | Noticed a seven-headed hydra
  6584 | Lair:3   | Killed a seven-headed hydra
  7072 | Lair:4   | Reached ****** piety under Hepliaklqana
  7088 | Lair:4   | Reached skill level 5 in Polearms
  7361 | Lair:4   | Found a staircase to the Snake Pit.
  7385 | Lair:5   | Noticed a death yak
  7385 | Lair:5   | Noticed a death yak
  7393 | Lair:5   | Noticed a death yak
  7394 | Lair:5   | Noticed a death yak
  7394 | Lair:5   | Noticed a death yak
  7413 | Lair:5   | Killed a death yak
  7413 | Lair:5   | Noticed a death yak
  7432 | Lair:5   | Killed a death yak
  7439 | Lair:5   | Killed a death yak
  7439 | Lair:5   | Reached XP level 13. HP: 107/107 MP: 16/16
  7445 | Lair:5   | Reached skill level 6 in Polearms
  7529 | Lair:5   | Found a staircase to the Slime Pits.
  7611 | Lair:6   | Entered Level 6 of the Lair of Beasts
  7616 | Lair:5   | Reached skill level 7 in Polearms
  7645 | Lair:5   | Reached skill level 10 in Dodging
  7746 | Lair:6   | Reached skill level 8 in Polearms
  8032 | Lair:6   | Reached skill level 9 in Polearms
  8532 | Lair:6   | Reached XP level 14. HP: 74/118 MP: 17/17
  8828 | Lair:6   | Reached skill level 10 in Polearms
  9632 | Lair:2   | Reached skill level 11 in Polearms
  9656 | Lair:2   | Found a snail-covered altar of Cheibriados.
  9758 | Lair:2   | Reached skill level 15 in Fighting
 10020 | D:15     | Entered Level 15 of the Dungeon
 10035 | D:15     | Found a staircase to the Depths.
 10066 | Depths:1 | Entered Level 1 of the Depths
 10281 | D:15     | Got a smoking morningstar
 10306 | D:15     | Found a runed translucent gate.
 10306 | D:15     | Found a runed translucent gate.
 10306 | D:15     | Found a runed translucent gate.
 10318 | D:15     | Noticed Possemudi's ghost (journeyman SpSk)
 10535 | D:15     | Noticed Agnes
 11202 | D:13     | Reached skill level 12 in Polearms
 11283 | D:12     | Identified the +4 morningstar "Killer Bee's Death" {drain,
                  | +Rage rF++ Str-3} (You found it on level 15 of the Dungeon)
 11442 | D:12     | Reached XP level 15. HP: 79/128 MP: 18/18
 11585 | D:12     | Noticed a tengu reaver
 11585 | D:12     | Noticed a tengu reaver
 11586 | D:12     | Noticed a frost giant
 11586 | D:12     | Noticed a fire giant
 11910 | D:13     | Bought the +2 hat of the Bear Spirit {Spirit, +Rage rN+
                  | MR++} for 1133 gold pieces
 11910 | D:13     | Found the +2 hat of the Bear Spirit {Spirit, +Rage rN+
                  | MR++}
 12070 | Orc:2    | Found a staircase to the Elven Halls.
 12289 | Orc:2    | Found Lonuxuc's Magic Scroll Shop.
 12292 | Orc:2    | Found Ket Rufifu's General Store.
 12461 | Orc:2    | Killed Rupert
 12685 | Orc:2    | Reached skill level 13 in Polearms
 13346 | Orc:2    | Found Rutaw's Antique Armour Shoppe.
 13346 | Orc:2    | Found Weumix's Gadget Emporium.
 13346 | Orc:2    | Found a one-way gate leading to the halls of Pandemonium.
 13389 | Orc:2    | Bought a scroll of enchant weapon for 75 gold pieces
 13389 | Orc:2    | Bought a scroll of teleportation for 30 gold pieces
 13389 | Orc:2    | Bought a scroll of teleportation for 30 gold pieces
 13667 | Orc:2    | Bought a scroll of teleportation for 30 gold pieces
 13667 | Orc:2    | Bought a scroll of fog for 20 gold pieces
 13667 | Orc:2    | Bought a scroll of torment for 75 gold pieces
 13667 | Orc:2    | Bought a scroll of silence for 75 gold pieces
 13926 | Snake:1  | Entered Level 1 of the Snake Pit
 14014 | Snake:2  | Reached skill level 14 in Polearms
 14212 | Snake:3  | Noticed Aizul
 14238 | Snake:3  | Killed Aizul
 14435 | Snake:4  | Entered Level 4 of the Snake Pit
 14515 | Snake:3  | Reached XP level 16. HP: 128/136 MP: 17/19
 14760 | Snake:4  | Reached skill level 15 in Polearms
 14938 | Snake:3  | Noticed Azrael
 14965 | Snake:3  | Killed Azrael
 14970 | Snake:3  | Noticed Louise
 15001 | Snake:3  | Killed Louise
 15637 | Snake:4  | Found Acoylo's Assorted Antiques.
 15920 | Snake:3  | Identified a scroll of acquirement
 16039 | Snake:4  | Identified the Tome of Dislocation
 16069 | Snake:4  | Noticed Vashnia
 16087 | Snake:4  | Reached skill level 16 in Polearms
 16115 | Snake:4  | Killed Vashnia
 16127 | Snake:4  | Reached skill level 5 in Invocations
 16286 | Snake:4  | Reached XP level 17. HP: 100/144 MP: 4/21
 16321 | Snake:4  | Identified the +9 quarterstaff of Anxiety {crush, rC+}
 16557 | Snake:4  | Got a serpentine rune of Zot
 16693 | Snake:1  | Reached skill level 17 in Polearms
 17111 | Shoals:1 | Entered Level 1 of the Shoals
 17672 | Shoals:4 | Entered Level 4 of the Shoals
 17694 | Shoals:4 | Reached skill level 18 in Polearms
 17720 | Shoals:4 | Noticed Mara
 17737 | Shoals:4 | Noticed ivs's illusion
 17773 | Shoals:4 | Reached XP level 18. HP: 88/154 MP: 8/23
 17821 | Shoals:4 | Got a barnacled rune of Zot
 17918 | Shoals:3 | Found a runed translucent door.
 17918 | Shoals:3 | Noticed Kuggoj's ghost (adept GrEE)
 18235 | Slime:1  | Entered Level 1 of the Pits of Slime
 18326 | Slime:2  | Reached skill level 15 in Dodging
 18403 | Slime:5  | Entered Level 5 of the Pits of Slime
 18447 | Slime:5  | Paralysed by a floating eye for 2 turns
 18453 | Slime:5  | Paralysed by a floating eye for 2 turns
 18605 | Slime:5  | Noticed the Royal Jelly
 18620 | Slime:5  | Found a viscous altar of Jiyva.
 18645 | Slime:5  | Gained mutation: Your magical capacity is low. (-10% MP) [a
                  | shining eye]
 18647 | Slime:5  | Gained mutation: You are clumsy. (Dex -2) [a shining eye]
 18649 | Slime:5  | Gained mutation: Your spells are a little harder to cast,
                  | but a little more powerful. [a shining eye]
 18689 | Slime:4  | Reached skill level 19 in Polearms
 19007 | Slime:5  | Killed the Royal Jelly
 19225 | Slime:5  | Got an ichor-stained plate armour
 19250 | Slime:5  | Identified the cursed +0 plate armour of Paranoia {*Slow
                  | Str+7 Dex+4} (You found it on level 5 of the Pits of Slime)
 19270 | Slime:5  | Identified the Incunabulum of the Fifty Gods
 19273 | Slime:5  | Got a slimy rune of Zot
 19344 | Slime:5  | Got a twitching lapis lazuli ring
 19346 | Slime:5  | Identified the ring "Miacula" {Str+4 Stlth-} (You found it
                  | on level 5 of the Pits of Slime)
 19357 | Slime:5  | Got a warped glass ring
 19359 | Slime:5  | Identified the ring "Fuleffe" {rF+ MR+ Str-3 Int+3} (You
                  | found it on level 5 of the Pits of Slime)
 19908 | Depths:1 | Reached XP level 19. HP: 94/162 MP: 3/22
 20297 | Depths:1 | Found a one-way gate to the infinite horrors of the Abyss.
 20419 | Depths:2 | Noticed an ancient lich
 20432 | Depths:2 | Killed an ancient lich
 20507 | Depths:3 | Reached skill level 15 in Armour
 20507 | Depths:3 | Reached skill level 10 in Evocations
 20591 | Depths:3 | Reached skill level 20 in Polearms
 20636 | Depths:3 | Found a gateway to Hell.
 20840 | Depths:4 | Noticed a caustic shrike
 20896 | Depths:4 | HP: 4/163 [tentacled monstrosity (6)]
 21181 | Depths:4 | Identified Sif Muna's Disquisition on Combat Magic
 21181 | Depths:4 | Identified Dykyasm's Tome of Flamy Aid
 21181 | Depths:4 | Identified Billiuz's Reference Book on the Doomed Entourage
 21250 | Depths:4 | Noticed a golden dragon
 21348 | Depths:4 | Killed a golden dragon
 21481 | Depths:5 | Entered Level 5 of the Depths
 21696 | Depths:5 | Reached XP level 20. HP: 131/171 MP: 15/24
 22507 | Depths:5 | Noticed a bone dragon
 22537 | Depths:5 | Killed a bone dragon
 22710 | Depths:5 | Found a gate to the Realm of Zot.
 22715 | Zot:1    | Entered Level 1 of the Realm of Zot
 22742 | Zot:1    | Reached skill level 1 in Stealth
 22851 | Zot:1    | Reached skill level 21 in Polearms
 23474 | Zot:4    | Reached skill level 10 in Throwing
 23531 | Zot:5    | Entered Level 5 of the Realm of Zot
 23532 | Zot:5    | Noticed a golden dragon
 23547 | Zot:5    | Killed a golden dragon
 23564 | Zot:5    | Noticed a golden dragon
 23580 | Zot:5    | Killed a golden dragon
 24250 | Zot:5    | Reached XP level 21. HP: 134/180 MP: 16/25
 24379 | Zot:5    | Noticed an ancient lich
 24384 | Zot:5    | Noticed a Killer Klown
 24386 | Zot:5    | Noticed a Killer Klown
 24396 | Zot:5    | Killed an ancient lich
 24723 | Zot:5    | Noticed an orb of fire
 24729 | Zot:5    | Killed a Killer Klown
 24729 | Zot:5    | Reached skill level 5 in Stealth
 24756 | Zot:5    | Lost mutation: You tend to lose your temper in combat. [an
                  | orb of fire]
 24762 | Zot:5    | HP: 9/180 [storm dragon/bolt of lightning (5)]
 24762 | Zot:5    | Killed from afar by a storm dragon

Levels and vault maps discovered:
D:1:      erik_arrival_triangle_large, layout_basic, minmay_misc_feat_encased,
          minmay_misc_feat_diagonals
D:2:      layout_basic, nicolae_overflow_hidden_temple,
          kennysheep_generic_room_9
D:3:      layout_basic, first_ration, nrook_campfire, cheibriados_altar_1
D:4:      layout_rooms, grunt_temple_overflow_order_and_chaos_2, uniq_edmund
D:5:      layout_loops_ring, minmay_temple_entry_arrows
D:6:      minmay_clustersquares, layout_gridville,
          yredelemnul_forgotten_temple_becter, basic_altar,
          chequers_serial_rivers_micro_c
D:7:      layout_rooms
D:8:      layout_basic
D:9:      minmay_razor_zed, layout_cave_pools, uniq_prince_ribbit1
D:10:     layout_rooms, grunt_lair_entry_orc_guard_hut, zombieorc1_lemuel,
          serial_shops, nicolae_shop_stone, basic_altar, uniq_grum
D:11:     layout_basic, grunt_tengu_nest
D:12:     kennysheep_snake, layout_basic
D:13:     layout_roguey, gammafunk_ghost_hydra_chop, serial_shops,
          shop_fountains
D:14:     layout_basic, hangedman_vaults_entry_quadrant_bands,
          minmay_misc_feat_enclosed, nzn_random_ring
D:15:     hangedman_depths_entry_try_elsewhere_first, layout_long_grid,
          minivault_23, maelrawn_ghost_gauntlet_escape,
          mumra_transporter_accident, minmay_misc_feat_hallway, uniq_agnes
Temple:   lightli_temple_of_artemis
Lair:1:   layout_cave_pods, grunt_megastairs_1
Lair:2:   layout_regular_city, elwin_shoals_entry_rocks, st_stairs_13,
          kennysheep_snail_temple, lemuel_fruit_tree
Lair:3:   layout_regular_city, serial_bayou_shore_a, serial_bayou_shore_b
Lair:4:   layout_regular_city, minmay_snake_entry_six_corridors,
          infiniplex_staircase_pool_2
Lair:5:   layout_hall_layers, minmay_slime_entry_pillars
Lair:6:   evilmike_catoblepas_cave, layout_loops_ring, minmay_lair_oklob_bushes,
          grunt_megastairs_2
Shoals:1: layout_shoals, st_sunken_huts
Shoals:2: layout_shoals, portal_ice_cave_entry_ice_statue_one, serial_shops,
          shop, wheals_shoals_ruined_temple, uniq_polyphemus, uniq_frances,
          uniq_roxanne
Shoals:3: layout_shoals, gammafunk_ghost_grave
Shoals:4: shoals_end_simple, layout_shoals, shoals_ilsuiw_ice, uniq_mara
Snake:1:  layout_misc_corridors, basic_altar
Snake:2:  layout_gridlike, serial_corexii_hall, corexii_hall_statues_i,
          corexii_hall_statues_l, minmay_shop_grove
Snake:3:  layout_honeycomb, uniq_azrael, uniq_aizul, uniq_louise
Snake:4:  snake_pit, layout_gridlike, serial_shops, shop, st_stairs_1,
          uniq_vashnia
Slime:1:  layout_caves
Slime:2:  layout_caves
Slime:3:  layout_caves
Slime:4:  layout_caves
Slime:5:  uniq_dissolution
Orc:1:    layout_diamond_mine
Orc:2:    pf_orc_diabolical, layout_diamond_mine, uniq_rupert
Depths:1: layout_honeycomb, grunt_hell_entry_dis_grunt, chequers_jeans,
          abyss_entry, minmay_guarded_unrand_vampires_tooth
Depths:2: lemuel_river_lethe, abyss_entry, hell_entry, uniq_bai_suzhen
Depths:3: cross_vault, layout_cave_shapes, moated_statue, hangedman_geh_valley,
          pan_entry, infiniplex_staircase_spiral
Depths:4: minmay_the_grid_four_pointed_star_mashed
          [minmay_the_grid_triangle_9x9_limited_checkers,
          minmay_the_grid_triangle_9x9_alien,
          minmay_the_grid_triangle_9x9_descending_squares,
          minmay_the_grid_triangle_9x9_checkered,
          minmay_the_grid_prize_shrinking_boxes], layout_small_grid,
          abyss_entry, hangedman_tar_grid_catacomb,
          chequers_serial_rivers_micro_e
Depths:5: grunt_zot_entry_alcove, layout_cave_pools, hell_entry
Zot:1:    layout_basic
Zot:2:    gammafunk_its_a_trap, layout_onion_interference, grunt_ministairs_9
Zot:3:    layout_gridlike
Zot:4:    circus_mu, layout_misc_corridors
Zot:5:    layout_misc_corridors

Skill      XL: |  1  2  3  4  5  6  7  8  9 10 11 12 13 14 15 16 17 18 19 20 21 |
---------------+----------------------------------------------------------------+-----
Fighting       | 3 4 5 6 7 8 10 12 14 15 16 17 18 19 20 | 20.2
Short Blades   | 1 |  1.0
Dodging        | 3 4 5 6 8 9 10 11 12 13 14 15 16 17 | 17.2
Slings         | 2 3 4 |  4.2
Evocations     | 1 2 3 4 6 8 9 10 11 | 11.0
Polearms       | 2 4 5 9 12 14 16 18 19 20 21 | 21.0
Maces & Flails | 2 6 9 11 12 | 12.0
Armour         | 3 5 7 9 10 11 12 14 15 16 | 16.0
Throwing       | 5 7 8 10 | 10.8
Invocations    | 4 5 7 |  7.0
Shields        | 3 |  3.0
Stealth        | 4 5 |  5.1

Action                   |  1- 3 |  4- 6 |  7- 9 | 10-12 | 13-15 | 16-18 | 19-21 || total
-------------------------+-------+-------+-------+-------+-------+-------+-------++-------
Melee: Short sword       |    11 |       |       |       |       |       |       ||    11
       Dagger            |    22 |    45 |       |       |       |       |       ||    67
       Headbutt          |     1 |    15 |    24 |   143 |   324 |   321 |   261 ||  1089
       Halberd           |       |    17 |    16 |       |       |       |       ||    33
       Whip              |       |       |   136 |   612 |   812 |       |       ||  1560
       Glaive            |       |       |       |       |   262 |    82 |   255 ||   599
       Demon trident     |       |       |       |       |   239 |  1306 |   749 ||  2294
       Morningstar       |       |       |       |       |       |     5 |       ||     5
 Fire: Hunting sling     |       |    28 |    60 |     5 |       |       |       ||    93
Throw: Javelin           |    18 |     3 |     3 |    20 |    12 |    15 |     9 ||    80
       Throwing net      |     2 |     1 |     2 |     1 |       |       |     6 ||    12
       Dart              |       |       |    34 |    36 |    47 |     1 |     3 ||   121
       Boomerang         |       |       |     6 |    28 |     1 |       |       ||    35
Invok: Recall Ancestor   |       |     1 |     2 |     9 |    21 |    11 |     7 ||    51
       Ancestor Life: Kn |       |       |     1 |       |       |       |       ||     1
       Idealise          |       |       |       |       |     1 |     4 |       ||     5
 Abil: Evoke Berserk Rag |       |       |       |       |     8 |     4 |     7 ||    19
Evoke: Wand              |       |     2 |     3 |     6 |    12 |     5 |     3 ||    31
       Lightning rod     |       |       |       |       |    11 |     7 |     3 ||    21
       Lamp of fire      |       |       |       |       |       |     2 |       ||     2
       Sack of spiders   |       |       |       |       |       |       |     5 ||     5
       Box of beasts     |       |       |       |       |       |       |     2 ||     2
  Use: Scroll            |       |       |     9 |    10 |    18 |    22 |    16 ||    75
       Potion            |       |       |     1 |     3 |     5 |    12 |     7 ||    28
 Stab: Sleeping          |       |     1 |       |       |     9 |       |     2 ||    12
       Invisible         |       |       |     1 |     7 |       |       |       ||     8
       Distracted        |       |       |       |     5 |     8 |    16 |    15 ||    44
       Held in net/web   |       |       |       |       |       |       |     5 ||     5
       Confused          |       |       |       |       |       |       |     1 ||     1
  Eat: Chunk             |       |     1 |     7 |    10 |    27 |     9 |     7 ||    61
       Ration            |       |       |       |     1 |     2 |     4 |     5 ||    12
Armor: Leather armour    |     5 |     5 |       |       |       |       |       ||    10
       Ring mail         |       |    10 |    10 |       |       |       |       ||    20
       Chain mail        |       |       |    29 |   143 |       |       |       ||   172
       Acid dragon scale |       |       |       |     7 |   163 |   257 |    20 ||   447
       Skin              |       |       |       |     2 |    17 |       |     2 ||    21
       Troll leather arm |       |       |       |       |    17 |    28 |    56 ||   101
       Shadow dragon sca |       |       |       |       |       |       |   106 ||   106
Dodge: Dodged            |    27 |    41 |    58 |   213 |   594 |   931 |   563 ||  2427
Block: Other             |       |       |     5 |    30 |       |   140 |   135 ||   310
       Buckler           |       |       |       |    12 |    69 |       |       ||    81
       Reflection        |       |       |       |       |       |    19 |     2 ||    21

Table legend:
 A = Non-vault XP
 B = Vault XP
 C = Vault XP percentage of total XP
 D = Non-vault monster count
 E = Vault monster count
 F = Vault count percentage of total count
                 A         B        C        D         E       F
            +---------+---------+-------+---------+---------+-------
      Total |  379012 |  229326 |  37.7 |     932 |     353 |  27.5
            +---------+---------+-------+---------+---------+-------
        D:1 |      16 |       0 |   0.0 |      10 |       0 |   0.0
        D:2 |      50 |       0 |   0.0 |      12 |       0 |   0.0
        D:3 |     170 |       0 |   0.0 |      17 |       0 |   0.0
        D:4 |     186 |     147 |  44.1 |      10 |       1 |   9.1
        D:5 |     420 |       0 |   0.0 |      11 |       0 |   0.0
        D:6 |    1084 |       1 |   0.1 |      20 |       1 |   4.8
        D:7 |     905 |       0 |   0.0 |      25 |       0 |   0.0
        D:8 |     463 |       0 |   0.0 |       7 |       0 |   0.0
        D:9 |    1558 |     557 |  26.3 |      23 |       5 |  17.9
       D:10 |    1727 |    1675 |  49.2 |      22 |      36 |  62.1
       D:11 |    3117 |       0 |   0.0 |      24 |       0 |   0.0
       D:12 |    3579 |    7557 |  67.9 |      38 |      30 |  44.1
       D:13 |    6857 |       0 |   0.0 |      36 |       0 |   0.0
       D:14 |    5496 |       0 |   0.0 |      20 |       0 |   0.0
       D:15 |    7411 |    3338 |  31.1 |      22 |       8 |  26.7
     Lair:1 |    5289 |    2165 |  29.0 |      25 |       9 |  26.5
     Lair:2 |    4179 |    1395 |  25.0 |      14 |       4 |  22.2
     Lair:3 |    2571 |       0 |   0.0 |       8 |       0 |   0.0
     Lair:4 |    3113 |    1273 |  29.0 |      17 |       9 |  34.6
     Lair:5 |   18586 |     640 |   3.3 |      46 |       6 |  11.5
     Lair:6 |   13303 |   12146 |  47.7 |      33 |      30 |  47.6
   Shoals:1 |    7461 |       0 |   0.0 |      12 |       0 |   0.0
   Shoals:2 |    3772 |       0 |   0.0 |       7 |       0 |   0.0
   Shoals:3 |   18812 |       0 |   0.0 |      41 |       0 |   0.0
   Shoals:4 |    6670 |   14068 |  67.8 |      15 |      18 |  54.5
    Snake:1 |    5353 |       0 |   0.0 |      10 |       0 |   0.0
    Snake:2 |   22200 |       0 |   0.0 |      43 |       0 |   0.0
    Snake:3 |   18868 |    5372 |  22.2 |      33 |       8 |  19.5
    Snake:4 |   27646 |   39677 |  58.9 |      57 |      50 |  46.7
    Slime:1 |    7682 |       0 |   0.0 |      14 |       0 |   0.0
    Slime:2 |    2028 |       0 |   0.0 |       7 |       0 |   0.0
    Slime:3 |    3044 |       0 |   0.0 |       2 |       0 |   0.0
    Slime:4 |    6451 |     259 |   3.9 |      11 |       1 |   8.3
    Slime:5 |    9237 |   32505 |  77.9 |      13 |      13 |  50.0
      Orc:1 |     739 |     932 |  55.8 |      21 |       4 |  16.0
      Orc:2 |    4804 |   20073 |  80.7 |      67 |      59 |  46.8
   Depths:1 |   11936 |    2795 |  19.0 |      17 |       7 |  29.2
   Depths:2 |    3540 |   11183 |  76.0 |       4 |      18 |  81.8
   Depths:3 |   24520 |      48 |   0.2 |      26 |       1 |   3.7
   Depths:4 |   27818 |   15496 |  35.8 |      32 |      11 |  25.6
   Depths:5 |   22114 |   21593 |  49.4 |      21 |      14 |  40.0
      Zot:1 |   19161 |       0 |   0.0 |      12 |       0 |   0.0
      Zot:2 |    8668 |       0 |   0.0 |       6 |       0 |   0.0
      Zot:3 |    7228 |       0 |   0.0 |       5 |       0 |   0.0
      Zot:4 |   15167 |     192 |   1.3 |      10 |       1 |   9.1
      Zot:5 |   14013 |   34239 |  71.0 |       6 |       9 |  60.0
            +---------+---------+-------+---------+---------+-------
